Map: Dash and Terminal LE (Void)

Players

wabbajack

  • Race: Zerg Zerg
  • League: Gold

Oxalc - Winner!

  • Race: Terran Terran
  • League: Bronze

VOD

Have the link to the VOD?

Description

Time

  • Played on: July 21, 2015, 9:10 p.m.
  • Length: 5:06
Show
View Real Time Build Order
Export as new Build Order

wabbajack Zerg 

Build Orders: Pool First 

Get SALT Encoding   

  12  0:01  Drone  
  13  0:15  Overlord  
  13  0:23  Drone x2, Extractor  
  14  0:42  Spawning Pool  
  13  0:50  Drone x2  
  15  1:02  Drone x2  
  17  1:29  Queen  
  17  1:31  Zergling x4  
  21  1:34  Overlord  
  21  1:45  Zergling x2  
  22  1:49  Metabolic Boost  
  22  1:57  Zergling x2  
  23  2:08  Drone  
  24  2:16  Hatchery  
  23  2:27  Drone  
  23  2:28  Baneling Nest  
  23  2:42  Queen  
  23  2:44  Overlord  
  25  2:52  Zergling x4  
  25  2:56  Zergling x2  
  28  2:59  Drone  
  28  3:00  Drone  
  26  3:28  Baneling x3  
  26  3:29  Baneling  
  26  3:32  Pneumatized Carapace  
  26  3:37  Drone x4  
  26  3:38  Drone x2  
  32  3:51  Zergling x2  
  32  3:52  Zergling x4  
  35  4:00  Overlord  
  28  5:02  Roach Warren  
Show
View Real Time Build Order
Export as new Build Order

Oxalc Terran - Winner!

Build Orders: Hellion Opening 

Get SALT Encoding   

  12  0:01  SCV  
  13  0:13  SCV  
  14  0:18  Supply Depot  
  14  0:25  SCV  
  15  0:30  Refinery  
  15  0:40  SCV  
  16  0:46  Barracks  
  16  0:52  SCV  
  17  1:04  SCV  
  18  1:16  SCV  
  19  1:20  Supply Depot  
  19  1:21  Refinery  
  19  1:28  SCV  
  20  1:36  Marine  
  20  1:37  Factory  
  21  1:47  SCV  
  22  1:55  Barracks Reactor  
  22  1:59  SCV  
  23  2:11  SCV  
  23  2:14  Factory  
  24  2:21  Hellion  
  26  2:23  SCV  
  26  2:27  Supply Depot  
  27  2:41  Orbital Command  
  27  2:42  Barracks Reactor  
  27  2:52  Armory, Hellion  
  27  2:58  Hellion  
  33  3:06  Hellion  
  28  3:33  Hellion x2  
  32  3:49  Barracks Reactor, Hellion x2  
  32  3:54  Hellion  
  38  4:01  Supply Depot  
  38  4:16  Hellion x2  
  42  4:31  Hellion  
  42  4:32  Hellion  
  42  4:36  Engineering Bay  
  42  4:37  Hellion, Marine x2  
Tags
 
Add a new tag
Caveats
  • Supply blocks, unpowered buildings, or Contaminate may cause inaccurate times.
  • Supply counts are checked every 10 seconds.